 Dungeon Crawl Stone Soup version 0.19.0-11-g3fc08b3 (console) character file.

83 Morrissey the Chucker (level 4, -1/48 HPs)
             Began as an Ogre Hunter on Nov 9, 2016.
             Was a Follower of Okawaru.
             Slain by a hobgoblin (3 damage)
             ... on level 2 of the Dungeon.
             The game lasted 00:03:55 (2210 turns).

Morrissey the Chucker (Ogre Hunter)                 Turns: 2210, Time: 00:03:56

Health: -1/48      AC:  4    Str: 17    XL:     4   Next: 44%
Magic:  4/4        EV: 10    Int: 10    God:    Okawaru [*.....]
Gold:   58         SH:  0    Dex: 11    Spells: 0 memorised, 3 levels left

rFire  . . .     SeeInvis .     a - +0 club
rCold  + . .     Gourm    .     b - +0 robe
rNeg   . . .     Faith    .     (no shield)
rPois  .         Spirit   .     (helmet restricted)
rElec  .         Reflect  .     i - +0 cloak
rCorr  .         Harm     .     (gloves unavailable)
MR     .....                    (boots unavailable)
Stlth  +.........               (no amulet)
                                (no ring)
                                p - ring of protection from cold

@: lethally poisoned (-1 -> -2)
A: unfitting armour, tough skin 1
a: Heroism, Renounce Religion


You were on level 2 of the Dungeon.
You worshipped Okawaru.
Okawaru was aware of your devotion.
You were hungry.

You visited 1 branch of the dungeon, and saw 2 of its levels.

You collected 58 gold pieces.

Inventory:

Hand Weapons
 a - a +0 club (weapon)
Missiles
 c - 4 large rocks (quivered)
Armour
 b - a +0 robe (worn)
 i - a +0 cloak (worn)
Jewellery
 p - a ring of protection from cold (left hand)
Scrolls
 e - 2 scrolls of fear {unknown}
 g - 2 scrolls of immolation {unknown}
 h - a scroll of magic mapping {unknown}
 j - 3 scrolls of identify {unknown}
 m - a scroll of enchant weapon {unknown}
 o - a scroll of teleportation {unknown}
Potions
 n - a potion of curing
Comestibles
 f - a bread ration
 k - a meat ration
 l - 3 chunks of flesh


   Skills:
 + Level 3.9 Fighting
 + Level 2.1 Maces & Flails
 + Level 4.3 Throwing
 + Level 2.8 Dodging
 - Level 0.6 Stealth


You had 3 spell levels left.
You didn't know any spells.

Dungeon Overview and Level Annotations

Branches:
Dungeon (2/15)

Altars:
Okawaru


Innate Abilities, Weirdness & Mutations

You are too large for most types of armour.
You have tough skin. (AC +1)


Message History

You hit the kobold.
The kobold is heavily wounded.
The kobold hits you but does no damage.
You hit the kobold but do no damage.
The kobold is heavily wounded.
You feel sick. The kobold hits you but does no damage.
You hit the kobold.
You kill the kobold!
Okawaru accepts your kill. The hobgoblin hits you.
* * * LOW HITPOINT WARNING * * *
As you open the door, it creaks loudly! The hobgoblin hits you.
* * * LOW HITPOINT WARNING * * *
There is an open door here.
You feel sick.
You hit the hobgoblin.
The hobgoblin is moderately wounded.
The hobgoblin hits you.
You die...

#....(.. #....
#....... #...
#...)... #...
#....... #..
....##....... ##..
....##.####.. ..+#
....##.# #.# #..#
.(..##.####.# #@#
....##....#.#
#g###....##....#.#
#.K.K....##....#.#
...#.##r#######...#..
#.........#.......###
#####.#..(#..........
.........#..........
.........#....#.....
#.......##.....#.....


You could see a hobgoblin and a kobold.

Vanquished Creatures
  4 adders
  2 worms (D:2)
  A dart slug (D:1)
  A leopard gecko (D:2)
  3 giant cockroaches (D:1)
  4 hobgoblins
  7 kobolds
  A quokka (D:2)
  A ball python (D:1)
  4 bats
  A frilled lizard (D:2)
  7 goblins
  3 rats
39 creatures vanquished.

Notes
Turn   | Place    | Note
-------+----------+-------------------------------------------
     0 | D:1      | Morrissey the Ogre Hunter began the quest for the Orb.
     0 | D:1      | Reached XP level 1. HP: 22/22 MP: 1/1
   259 | D:1      | Reached XP level 2. HP: 11/31 MP: 2/2
   804 | D:1      | Reached skill level 1 in Maces & Flails
   804 | D:1      | Reached XP level 3. HP: 23/37 MP: 3/3
  1336 | D:2      | Found a faded altar of an unknown god.
  1362 | D:2      | Became a worshipper of Warmaster Okawaru
  1362 | D:2      | Reached * piety under Okawaru
  1559 | D:2      | Reached XP level 4. HP: 25/48 MP: 4/4
  2208 | D:2      | HP: 2/48 [poisoned by an adder]
  2210 | D:2      | Slain by a hobgoblin

Skill      XL: |  1  2  3  4 |
---------------+-------------+-----
Fighting       | 3 |  3.9
Dodging        | 2 |  2.8
Maces & Flails | 1 2 |  2.1
Throwing       | |  4.3
Stealth        | |  0.6

Action                   |  1- 3 |  4- 6 || total
-------------------------+-------+-------++-------
Melee: Club              |   164 |    73 ||   237
       Short sword       |    13 |       ||    13
Throw: Throwing net      |       |     2 ||     2
       Large rock        |       |     1 ||     1
Invok: Heroism           |       |     1 ||     1
  Use: Potion            |     2 |     1 ||     3
 Stab: Sleeping          |     3 |     2 ||     5
       Held in net/web   |       |     1 ||     1
  Eat: Chunk             |     2 |     2 ||     4
Armor: Robe              |    69 |    23 ||    92
Dodge: Dodged            |   100 |    32 ||   132
